 Dungeon Crawl Stone Soup version 0.29-a0-551-gffc1d7fb78 (webtiles) character file.

Game seed: 5660727941652845346

5 shadowstone the Vexing (level 1, -6/7 HPs)
             Began as a Felid Enchanter on June 5, 2022.
             Killed by divine providence
             ... invoked by an orc priest
              (11 damage)
             ... on level 3 of the Dungeon.
             The game lasted 00:01:14 (189 turns).

shadowstone the Vexing (Felid Enchanter)             Turns: 189, Time: 00:01:15

Health: -6/7       AC:  1    Str:  4    XL:     1   Next: 66%
Magic:  4/4        EV: 17    Int: 16    God:
Gold:   16         SH:  0    Dex: 16    Spells: 4/4 levels left
                                        Lives:  0   Deaths: 0

rFire   . . .      SeeInvis +     - Unarmed
rCold   . . .      Faith    .   (shield unavailable)
rNeg    . . .      Spirit   .   (body armour unavailable)
rPois   .          Reflect  .   (helmet unavailable)
rElec   .          Harm     .   (cloak unavailable)
rCorr   .          Rampage  .   (gloves unavailable)
Will    .....                   (boots unavailable)
Stlth   +++.......              (no amulet)
HPRegen 0.02/turn               (no ring)
MPRegen 0.09/turn               (no ring)

@: quick
A: very small, claws 1, fangs 3, see invisible, speed 1, shaggy fur 1, stealthy
paws, no weapons or thrown items, no armour, multi-lived
a: no special abilities


You were on level 3 of the Dungeon.
You visited 1 branch of the dungeon, and saw 3 of its levels.

You collected 16 gold pieces.

Inventory:

Missiles
 b - 5 poisoned darts
Potions
 a - 2 potions of invisibility


   Skills:
 + Level 2.7 Dodging
 + Level 4.3 Stealth
 + Level 1.0 Unarmed Combat
 + Level 2.0 Spellcasting
 + Level 4.5 Hexes


You had 4 spell levels left.
You didn't know any spells.
Your spell library contained the following spells:

 Spells                   Type           Power      Damage    Failure   Level
 Confusing Touch          Hex            16%        N/A       10%         3
 Tukima's Dance           Hex            16%        N/A       10%         3
 Ensorcelled Hibernation  Hex/Ice        16%        N/A       12%         2
 Dazzling Flash           Conj/Hex       16%        N/A       24%         3


Dungeon Overview and Level Annotations

Branches:
Dungeon (3/15)

Altars:


Innate Abilities, Weirdness & Mutations

You have sharp claws.
You have razor-sharp teeth.
You have supernaturally acute eyesight. (SInv)
You cover ground quickly. (Speed+)
You are covered in fur. (AC +1)
Your paws help you pounce on unaware monsters.
You are incapable of wielding weapons or throwing items.
You cannot wear armour.
You gain extra lives every three experience levels.


Message History

Things that are here:
a +0 club; a goblin corpse You see here a +0 ring mail.
There is a stone staircase leading down here.
You see here a +0 ring mail.
You see here a +0 ring mail.
There is a stone staircase leading down here.
You climb downwards.
There is a stone staircase leading up here.
An orc priest comes into view. It is wielding a +0 mace.
An orc comes into view. It is wielding a +0 falchion.
Found 15 gold pieces.
The bat closely misses you.
You barely miss the bat. The bat misses you.
Found a glowing whip and 5 poisoned darts.
The orc shouts!
The orc priest shouts!
You hear a shout! x2
The bat barely misses you.
An orc comes into view. It is wielding a +0 short sword.
The orc moves out of view.
The bat barely misses you.
Nothing quivered!
Nothing quivered!
Nothing quivered!
Nothing quivered!
You scratch the bat.
You kill the bat!
The orc priest casts a cantrip, but nothing happens.
The orc priest looks satisfied for a moment.
You see here 5 poisoned darts.
b - 5 poisoned darts Nothing quivered!
Nothing quivered!
Nothing quivered!
Nothing quivered!
Nothing quivered!
A jackal comes into view.
An orc and a jackal come into view.
The orc priest calls down the wrath of Beogh upon you.
Beogh smites you!
Ouch! That really hurt!
You die...

..##.....##.#
........##.#
#........### ## .
..##.....#....# o. ..
..)o..........###.# .#
#.###...........#.# ..##
.......###.o....#.#.....
.$.##.####..o.......# #.
#...........@#### #
#<##.....#.......h..
#.##........######.h
#.##........#
#.##....#.#.#
#.##.#.##.#.# #......
....# #.# .# ##.#.# #..


You could see an orc priest, 2 orcs and 2 jackals.

Vanquished Creatures
  An endoplasm (D:2)
  A goblin (D:2)
  2 bats
  A rat (D:2)
5 creatures vanquished.

Notes
Turn   | Place    | Note
-------+----------+-------------------------------------------
     0 | D:1      | shadowstone the Felid Enchanter began the quest for the
                  | Orb.
     0 | D:1      | Reached XP level 1. HP: 7/7 MP: 4/4
   168 | D:3      | Noticed an orc priest
   189 | D:3      | Killed from afar by an orc priest

Illustrated notes

Levels and vault maps discovered:
D:1:      scummos_arrival_forest, layout_basic,
          dreamdust_ecumenical_altar_hidden_monk_grotto
D:2:      layout_loops_ring, lemuel_old_faithful
D:3:      layout_loops_ring, minmay_quantized, uniq_grinder, uniq_robin,
          uniq_natasha

Action                   || total
-------------------------++-------
Melee: Unarmed           ||     9
       Bite              ||     1
 Stab: Sleeping          ||     1
Armor: Skin              ||     1
Dodge: Dodged            ||     8

Table legend: (Time is in decaauts)
 A = Elapsed time spent in this place.
 B = Non-inter-level travel time spent in this place.
 C = Inter-level travel time spent in this place.
 D = Time resting spent in this place.
 E = Time spent auto-exploring this place.
 F = Levels seen in this place.
 G = Mean time per level.
                   A        B        C        D        E       F      G
               +--------+--------+--------+--------+--------+-----+--------+
         Total |    153 |    149 |      4 |      0 |      0 |   3 |   51.0 |
       Dungeon |    153 |    149 |      4 |      0 |      0 |   3 |   51.0 |
               +--------+--------+--------+--------+--------+-----+--------+

Top non-repeatable levels by time:
     D:2: 103 daAuts
     D:1: 31 daAuts
     D:3: 19 daAuts
